tourhack, neutral female gnomish Tourist ----- ----------- ------ |>..-# |..........# #####.....| |...|# |.........|# ----------- |....| |...|# #..........|# ----..........# |...^| ---.-# #|.......{.|# .............|# #....(| ## # #|.........|# |............|# #|....| # # #|...<.....|# ####.............|# #------ ### # #-----------% |.........----# # ---.--- # #### % -.--------- # # |.....| # # G # # # |...(.| # # q ### # # |.....|############# # # # # # -|-----## -------.-# # ## # # ########## |......[|# ### -------.--- #### # # |.......-# # |.........| #------# ##........| ###|.........| #.....|# --------- #..........| |....-# ----------- ------ tourhack the Excursionist Experience level: 7 Strength: 15 Dexterity: 11 Constitution: 17 Intelligence: 14 Wisdom: 9 Charisma: 15 Health: 0(56) Energy: 22(22) Def: 10 Gold: 0 Moves: 8106 Dungeon seed: 5Tu5bHQQpxtdS8TA Game ID: tourhack_1462302690 Your Inventory: Weapons o - 38 uncursed +0 darts (in quiver) p - a blessed +0 dwarvish mattock W - an uncursed rusty +0 scimitar (weapon in hand) Armor e - an uncursed +0 Hawaiian shirt (being worn) n - an uncursed +0 dwarvish mithril-coat (being worn) v - a blessed +3 elven leather helm (being worn) x - a blessed +0 elven shield (being worn) Comestibles b - 4 uncursed cherries c - 2 uncursed sprigs of wolfsbane Wands j - an uncursed wand of make invisible (0:3) V - an uncursed wand of magic missile (0:5) Tools d - an uncursed fire horn (0:4) k - an uncursed lock pick l - an uncursed expensive camera (0:92) q - an uncursed magic lamp (lit) u - an uncursed blindfold B - an uncursed sack I - an uncursed leash Contents of the sack: 1842 gold pieces 5 uncursed food rations an uncursed fortune cookie 3 uncursed lembas wafers 2 uncursed oranges 2 uncursed scrolls of blank paper an uncursed scroll of identify a cursed potion of healing an uncursed potion of levitation an uncursed potion of monster detection 2 uncursed potions of object detection an uncursed potion of restore ability 2 uncursed potions of speed an uncursed ring of levitation a cursed ring of teleport control an uncursed wand of light (0:11) an uncursed wand of polymorph (0:4) an uncursed wand of striking (0:3) an uncursed lock pick an uncursed mirror Spells and supernatural/magical abilities: Name Level Category Fail Memory W - pray for help -- divine ? -- Your skills at the end: Miscellaneous Skills wands [Basic] Weapon Skills scimitar [Basic] club [Basic] dart [Basic] Spellcasting Skills Final Attributes: You were devoutly aligned. You were sleep resistant. You were telepathic. You had infravision. You are dead. Vanquished creatures: a large mimic 2 leprechauns a dwarf mummy a dog a jaguar a water nymph 2 ravens 2 gnome mummies a snake an ape 4 Woodland-elves 3 soldier ants a wood nymph 7 Uruk-hai an orc shaman 4 fog clouds a shrieker a gnome lord a kobold mummy a gray ooze 2 ghouls 2 paper golems 2 giant ants 2 little dogs 5 floating eyes 5 dwarves a homunculus 2 kobold lords 2 kobold shamans 2 iguanas 11 hill orcs 5 rothes a centipede a giant bat a monkey a werejackal 5 killer bees a coyote 2 gas spores 4 hobbits 4 geckos 5 giant rats 3 cave spiders 2 brown molds 2 yellow molds a green mold a red mold 3 gnomes 18 garter snakes 6 manes a gnome zombie 12 jackals 4 newts 2 goblins 7 sewer rats 10 grid bugs 5 lichens 2 kobold zombies 182 creatures vanquished. Voluntary challenges: You used a wielded weapon 269 times, starting on turn 77. You did not apply a unicorn horn. You read items or engraved 5 times, starting on turn 2739. You never genocided any monsters. You never polymorphed an object. You changed form 1 time, starting on turn 1559. You used no wishes. You never split a pudding. You wrote Elbereth's name 4 times, starting on turn 2739. You violated your moral code, losing 1 point of alignment, starting on turn 1190. Dungeon overview: The Dungeons of Doom: levels 1 to 8 Level 1 a fountain a long staircase Level 2 a general store, some fountains Level 3 stairs to The Gnomish Mines Level 4 a general store Level 5 an altar to Blind Io Level 6 <- You were here a fountain Level 7 Level 8 The Gnomish Mines: levels 4 to 6 Level 4 stairs to The Dungeons of Doom Level 5 Level 6 many shops, a temple to The Lady, a magic chest, some fountains History has recorded: On T:1 you entered the Dungeons of Doom to retrieve the Amulet of Yendor! On T:252 you reached level 2 of The Dungeons of Doom. On T:773 you reached level 3 of The Dungeons of Doom. On T:979 you advanced to experience level 2. On T:1007 you reached level 1 of The Gnomish Mines. On T:1051 you reached level 2 of The Gnomish Mines. On T:1287 you advanced to experience level 3. On T:1382 you reached level 3 of The Gnomish Mines. On T:1880 you advanced to experience level 4. On T:1888 you entered the Minetown temple On T:1951 you opened a magic chest. On T:1956 you opened a magic chest. On T:1961 you opened a magic chest. On T:2236 you opened a magic chest. On T:2236 you opened a magic chest. On T:2297 you opened a magic chest. On T:2346 you opened a magic chest. On T:2403 you advanced to experience level 5. On T:3344 you advanced to experience level 6. On T:3417 you opened a magic chest. On T:3419 you opened a magic chest. On T:3421 you opened a magic chest. On T:3715 you opened a magic chest. On T:3844 you opened a magic chest. On T:4298 you opened a magic chest. On T:4308 you opened a magic chest. On T:4325 you opened a magic chest. On T:4326 you opened a magic chest. On T:4326 you opened a magic chest. On T:4329 you opened a magic chest. On T:4330 you opened a magic chest. On T:4334 you opened a magic chest. On T:4817 you reached level 4 of The Dungeons of Doom. On T:4846 you reached level 5 of The Dungeons of Doom. On T:4913 you advanced to experience level 7. On T:5978 you reached level 6 of The Dungeons of Doom. On T:7654 you reached level 7 of The Dungeons of Doom. On T:7801 you reached level 8 of The Dungeons of Doom. Score breakdown: Gold: 1095 ( 109 points) Experience: 7 levels ( 600 points) Exploration: 8 levels ( 210 points) Discoveries: 10 items ( 500 points) Variety of kills: 58 monsters ( 2000 points) Major goal: reached Minetown ( 500 points) Survival: died (score multiplied by 3) Total score: 11757 Latest messages: You write in the dust with your fingers. Your writing hand is beginning to cramp. The rothe misses. The rothe bites! (2x) You die... Final status: Aloha tourhack the Tourist, killed by a rothe... You died in The Dungeons of Doom on dungeon level 6 with 11757 points, and 1842 pieces of gold, after 8106 moves. You were level 7 with a maximum of 56 hit points when you died.